 Dungeon Crawl Stone Soup version 0.26.0-10-g1f06aea511 (webtiles) character file.

Game seed: 2175510445014306731

219 Dracia the Insei (level 5, 0/41 HPs)
             Began as a Gnoll Transmuter on Jan 14, 2021.
             Succumbed to a kobold's poison
             ... in a sewer.
             The game lasted 00:03:25 (1622 turns).

Dracia the Insei (Gnoll Transmuter)                 Turns: 1622, Time: 00:03:26

Health: 0/41       AC:  5    Str: 11    XL:     5   Next: 96%
Magic:  12/12      EV: 14    Int: 16    God:
Gold:   56         SH:  0    Dex: 15    Spells: 8/14 levels left

rFire    . . .     SeeInvis .     - Unarmed
rCold    . . .     Faith    .   (no shield)
rNeg     . . .     Spirit   .   f - +2 leather armour {rPois}
rPois    +         Reflect  .   (helmet restricted)
rElec    .         Harm     .   (no cloak)
rCorr    .         Rampage  .   (no gloves)
Will     .....                  (no boots)
Stlth    +.........             (no amulet)
HPRegen  0.13/turn              (no ring)
MPRegen  0.13/turn              (no ring)

@: mighty, brilliant, lethally poisoned (0 -> 0), wereblooded (expiring), very
slightly contaminated, invisible, very slow
A: distributed training, fangs 1, horns 1, weak 1, strong nose
a: no special abilities


You were in a sewer.
You visited 1 branch of the dungeon, and saw 4 of its levels.
You also visited: Sewer.

You collected 56 gold pieces.


Innate Abilities, Weirdness & Mutations

Your experience applies equally to all skills.
You have very sharp teeth.
Your uncanny sense of smell can sniff out nearby items.
You have a pair of small horns on your head.
You are weak. (Str -2)


   Skills:
 + Level 3.1 Fighting
 + Level 1.7 Short Blades
 + Level 1.7 Long Blades
 + Level 1.7 Axes
 + Level 1.7 Maces & Flails
 + Level 1.7 Polearms
 + Level 1.7 Staves
 + Level 1.7 Slings
 + Level 1.7 Bows
 + Level 1.7 Crossbows
 + Level 1.7 Throwing
 + Level 1.7 Armour
 + Level 4.9 Dodging
 + Level 1.7 Stealth
 + Level 1.7 Shields
 + Level 6.7 Unarmed Combat
 + Level 5.2 Spellcasting
 + Level 1.3 Conjurations
 + Level 1.3 Hexes
 + Level 1.3 Summonings
 + Level 1.3 Necromancy
 + Level 1.3 Translocations
 + Level 4.0 Transmutations
 + Level 1.3 Fire Magic
 + Level 1.3 Ice Magic
 + Level 1.3 Air Magic
 + Level 1.3 Earth Magic
 + Level 1.3 Poison Magic
 + Level 1.9 Invocations
 + Level 1.7 Evocations


You had 8 spell levels left.
You knew the following spells:

 Your Spells              Type           Power        Failure   Level
e - Beastly Appendage     Tmut           50%          3%          1
s - Spider Form           Tmut/Pois      9%           19%         3
X - Wereblood             Tmut           25%          5%          2

Your spell library contained the following spells:

 Spells                   Type           Power        Failure   Level
 Ice Form                 Ice/Tmut       19%          54%         4
 Blade Hands              Tmut           12%          71%         5

Inventory:

Missiles
 c - 33 poisoned darts
Armour
 a - a +0 robe
 f - a +2 leather armour of poison resistance (worn)
Scrolls
 b - a scroll of random uselessness {unknown}
 d - 2 scrolls of amnesia {unknown}
 j - a scroll of identify {@r1@r1}
 k - 2 scrolls of remove curse {unknown}
 l - a scroll of enchant armour {unknown}
 m - a scroll of enchant weapon {unknown}

Dungeon Overview and Level Annotations

Branches:
Dungeon (4/15)              Sewer (1/1)
 Temple: D:4-7

Altars:

### #∩# ############
###.###.≈...≈≈...# ##
###.....≈≈..≈≈≈≈≈..# ..#
≈≈≈≈≈≈≈≈≈≈≈≈≈≈≈≈≈≈.#....
≈≈≈≈≈≈≈≈≈≈≈≈≈≈≈≈≈≈≈....
≈≈≈≈≈≈≈≈≈≈≈≈≈≈≈≈≈≈≈#
###...≈..≈≈≈≈≈(†@..#
#######≈≈(≈.)≈†≈.#
##(######### #≈# #≈# #≈#
#≈# #≈# #≈#


There were no monsters in sight!


Message History

The big kobold misses you.
Unknown command.
You hit the big kobold.
You kill the big kobold!
Your Fighting skill increases to level 3!
Your Transmutations skill increases to level 4!
Unknown command.
There is a lethal amount of poison in your body!
Unknown command.
There is a lethal amount of poison in your body!
Unknown command.
Okay, then.
It was a potion of brilliance.
You feel clever all of a sudden.
Unknown command.
It was a potion of mutation.
You feel extremely strange.
You feel weaker. The horns on your head grow some more.
You howl as the wereblood boils in your veins!
Your horns shrink.
Your talons disappear.
Your primal bloodlust is almost over.
* * * LOW HITPOINT WARNING * * *
You feel sick.
Unknown command.
It was a potion of might.
You feel very mighty all of a sudden.
Unknown command.
It was a potion of invisibility.
You fade into invisibility!
You are very lightly contaminated with residual magic.
Unknown command.
You die...

Skill      XL: |  1  2  3  4  5 |
---------------+----------------+-----
Spellcasting   | 5 |  5.2
Invocations    | 1 |  1.9
Short Blades   | 1 |  1.7
Long Blades    | 1 |  1.7
Axes           | 1 |  1.7
Maces & Flails | 1 |  1.7
Polearms       | 1 |  1.7
Staves         | 1 |  1.7
Slings         | 1 |  1.7
Bows           | 1 |  1.7
Crossbows      | 1 |  1.7
Throwing       | 1 |  1.7
Armour         | 1 |  1.7
Stealth        | 1 |  1.7
Shields        | 1 |  1.7
Evocations     | 1 |  1.7
Conjurations   | 1 |  1.3
Hexes          | 1 |  1.3
Summonings     | 1 |  1.3
Necromancy     | 1 |  1.3
Translocations | 1 |  1.3
Fire Magic     | 1 |  1.3
Ice Magic      | 1 |  1.3
Air Magic      | 1 |  1.3
Earth Magic    | 1 |  1.3
Poison Magic   | 1 |  1.3
Fighting       | 3 |  3.1
Transmutations | 4 |  4.0
Dodging        | |  4.9
Unarmed Combat | |  6.7

Action                   |  1- 3 |  4- 6 || total
-------------------------+-------+-------++-------
Melee: Unarmed           |    69 |    60 ||   129
       Kick              |    11 |     6 ||    17
       Headbutt          |     6 |     2 ||     8
       Bite              |     6 |     3 ||     9
       Punch             |     1 |       ||     1
 Cast: Beastly Appendage |    16 |     4 ||    20
       Wereblood         |       |     3 ||     3
  Use: Scroll            |       |     2 ||     2
       Potion            |       |     4 ||     4
 Stab: Sleeping          |     3 |       ||     3
Armor: Leather armour    |    16 |    19 ||    35
Dodge: Dodged            |    48 |    59 ||   107

Levels and vault maps discovered:
D:1:      lightli_arrival_windingriver, layout_basic
D:2:      layout_loops_corners, uniq_crazy_yiuf_cottage, uniq_terence
D:3:      layout_basic, portal_sewer_entry_a
D:4:      layout_basic, minivault_5
Sewer:    sewer_kobolds

Notes
Turn   | Place    | Note
-------+----------+-------------------------------------------
     0 | D:1      | Dracia the Gnoll Transmuter began the quest for the Orb.
     0 | D:1      | Reached XP level 1. HP: 17/17 MP: 6/6
   266 | D:1      | Reached XP level 2. HP: 23/23 MP: 5/7
   312 | D:1      | Learned a level 2 spell: Wereblood
   497 | D:1      | Reached XP level 3. HP: 28/28 MP: 7/9
   519 | D:1      | Reached skill level 5 in Spellcasting
   816 | D:1      | Reached skill level 1 in Invocations
  1051 | D:2      | Learned a level 3 spell: Spider Form
  1139 | D:2      | Reached skill level 1 in Short Blades
  1139 | D:2      | Reached skill level 1 in Long Blades
  1139 | D:2      | Reached skill level 1 in Axes
  1139 | D:2      | Reached skill level 1 in Maces & Flails
  1139 | D:2      | Reached skill level 1 in Polearms
  1139 | D:2      | Reached skill level 1 in Staves
  1139 | D:2      | Reached skill level 1 in Slings
  1139 | D:2      | Reached skill level 1 in Bows
  1139 | D:2      | Reached skill level 1 in Crossbows
  1139 | D:2      | Reached skill level 1 in Throwing
  1139 | D:2      | Reached skill level 1 in Armour
  1139 | D:2      | Reached skill level 1 in Stealth
  1139 | D:2      | Reached skill level 1 in Shields
  1139 | D:2      | Reached skill level 1 in Evocations
  1198 | D:2      | You fall into a shaft and drop 2 floors!
  1206 | D:4      | Reached XP level 4. HP: 16/34 MP: 11/11
  1393 | D:3      | Reached skill level 1 in Conjurations
  1393 | D:3      | Reached skill level 1 in Hexes
  1393 | D:3      | Reached skill level 1 in Summonings
  1393 | D:3      | Reached skill level 1 in Necromancy
  1393 | D:3      | Reached skill level 1 in Translocations
  1393 | D:3      | Reached skill level 1 in Fire Magic
  1393 | D:3      | Reached skill level 1 in Ice Magic
  1393 | D:3      | Reached skill level 1 in Air Magic
  1393 | D:3      | Reached skill level 1 in Earth Magic
  1393 | D:3      | Reached skill level 1 in Poison Magic
  1401 | D:3      | Reached XP level 5. HP: 26/40 MP: 7/12
  1476 | D:3      | Found a glowing drain.
  1489 | Sewer    | Entered a sewer
  1585 | Sewer    | Noticed a big kobold
  1615 | Sewer    | HP: 1/40 [big kobold (4)]
  1617 | Sewer    | Killed a big kobold
  1618 | Sewer    | Reached skill level 3 in Fighting
  1618 | Sewer    | Reached skill level 4 in Transmutations
  1619 | Sewer    | Gained mutation: You are weak. (Str -2) [potion of
                  | mutation]
  1619 | Sewer    | Gained mutation: You have a pair of large horns on your
                  | head. [potion of mutation]
  1622 | Sewer    | Succumbed to a kobold's poison

Vanquished Creatures
  A big kobold (Sewer)
  A jelly (D:3)
  A worker ant (D:4)
  A gnoll (D:1)
  An adder (D:3)
  A river rat (Sewer)
  2 worms (D:2)
  3 dart slugs
  2 leopard geckos (D:1)
  5 ball pythons
  A giant cockroach (D:3)
  2 goblins
  3 hobgoblins
  6 jackals
  11 kobolds
  7 bats
  4 frilled lizards
  9 rats
61 creatures vanquished.

Table legend: (Time is in decaauts)
 A = Elapsed time spent in this place.
 B = Non-inter-level travel time spent in this place.
 C = Inter-level travel time spent in this place.
 D = Time resting spent in this place.
 E = Time spent auto-exploring this place.
 F = Levels seen in this place.
 G = Mean time per level.
                   A        B        C        D        E       F      G
               +--------+--------+--------+--------+--------+-----+--------+
         Total |   1626 |   1573 |     53 |    158 |   1020 |   5 |  325.2 |
       Dungeon |   1479 |   1426 |     53 |    158 |    925 |   4 |  369.8 |
         Sewer |    147 |    147 |      0 |      0 |     95 |   1 |  147.0 |
               +--------+--------+--------+--------+--------+-----+--------+

Top non-repeatable levels by time:
     D:1: 884 daAuts
     D:2: 306 daAuts
     D:4: 178 daAuts
   Sewer: 147 daAuts
     D:3: 111 daAuts

Table legend:
 A = Non-vault XP
 B = Vault XP
 C = Vault XP percentage of total XP
 D = Non-vault monster count
 E = Vault monster count
 F = Vault count percentage of total count
                 A         B        C        D         E       F
            +---------+---------+-------+---------+---------+-------
      Total |     187 |     127 |  40.4 |      47 |      14 |  23.0
            +---------+---------+-------+---------+---------+-------
        D:1 |      55 |       0 |   0.0 |      22 |       0 |   0.0
        D:2 |      25 |       0 |   0.0 |      12 |       0 |   0.0
        D:3 |      72 |       2 |   2.7 |      11 |       2 |  15.4
        D:4 |      35 |       0 |   0.0 |       2 |       0 |   0.0
      Sewer |       0 |     125 | 100.0 |       0 |      12 | 100.0
            +---------+---------+-------+---------+---------+-------
